 Dungeon Crawl Stone Soup version 0.16-a0-2072-gc0ac6de (webtiles) character file.

2138 PolkaDot the Summoner (level 9, -5/66 HPs)
             Began as a Vampire Summoner on Nov 12, 2014.
             Was a Follower of Ashenzari.
             Killed from afar by a steam dragon (25 damage)
             ... with a ball of steam
             ... on level 7 of the Dungeon.
             The game lasted 00:23:57 (7327 turns).

PolkaDot the Summoner (Vampire Summoner)            Turns: 7327, Time: 00:23:57

Health: -5/66      AC:  3    Str:  7    XL:     9   Next: 9%
Magic:  13/18      EV: 13    Int: 20    God:    Ashenzari [*.....]
Gold:   465        SH:  0    Dex: 14    Spells: 4 memorised, 4 levels left

rFire  . . .     SeeInvis +     f - +2 short sword (venom) (curse)
rCold  + . .     Clarity  .     a - +0 robe
rNeg   . . .     SustAb   .     (no shield)
rPois  .         Gourm    .     (no helmet)
rElec  .         Spirit   .     (no cloak)
rCorr  .         Warding  .     B - +0 pair of gloves
rMut   .         Stasis   .     (no boots)
MR     .....                    (no amulet)
Stlth  +++.......               y - ring of teleport control (curse)
                                t - ring of protection from cold (curse)

@: regenerating quickly, not resistant to hostile enchantments, fairly stealthy
A: bottle blood, fangs 3, see invisible, unbreathing
a: Bottle Blood, Renounce Religion, Evoke Teleport Control


You were on level 7 of the Dungeon.
You worshipped Ashenzari.
Ashenzari was aware of your devotion.
You were very full.

You visited 2 branches of the dungeon, and saw 8 of its levels.

You collected 465 gold pieces.

Inventory:

Hand weapons
 f - a cursed +2 short sword of venom (weapon)
Armour
 a - a +0 robe (worn)
 B - a +0 pair of gloves (worn)
Rods
 H - a +0 rod of striking (9/9)
   (You found it on level 7 of the Dungeon)
Jewellery
 t - a cursed ring of protection from cold (left hand)
 y - a cursed ring of teleport control (right hand)
Magical devices
 k - a wand of polymorph (19)
 x - a wand of teleportation (6)
 A - a wand of confusion (24)
Scrolls
 c - a scroll of recharging
 d - 5 scrolls of curse armour
 e - 2 scrolls of enchant armour
 g - 3 scrolls of curse jewellery
 j - 2 scrolls of noise
 l - a scroll of enchant weapon
 m - a scroll of curse weapon
 o - 3 scrolls of remove curse
 r - 2 scrolls of fog {unknown}
 s - 2 scrolls of teleportation {unknown}
 u - 2 scrolls of fear {unknown}
 v - 2 scrolls of immolation {unknown}
 z - a scroll of blinking {unknown}
 C - a scroll of identify
 D - a scroll of magic mapping
 G - a scroll of amnesia {unknown}
Potions
 h - a potion of agility
 i - 2 potions of brilliance
 n - a potion of cure mutation {!q}
 p - 2 potions of restore abilities {unknown}
 q - a potion of heal wounds
 w - 2 potions of curing
 E - a potion of lignification
 F - 7 potions of blood {@*1}
Books
 b - a book of Callings

   Spells                             Type                      Level
   *Summon Small Mammal               Summoning                    1
   *Call Imp                          Summoning                    2
   *Call Canine Familiar              Summoning                    3
   Summon Guardian Golem              Hexes/Summoning              4
   Summon Lightning Spire             Summoning/Air                4
   *Summon Ice Beast                  Ice/Summoning                4
 I - a book of Wizardry

   Spells                             Type                      Level
   Agony                              Necromancy                   5
   Force Lance                        Conjuration                  5
   Dispersal                          Translocation                6
   Haste                              Charms                       6
   Invisibility                       Hexes                        6
   Spellforged Servitor               Conjuration/Summoning        7


   Skills:
 + Level 4.5 Fighting
 - Level 3.7 Dodging
 - Level 5.4 Stealth
 - Level 3.3 Spellcasting
 * Level 9.4 Summonings
 - Level 4.0 Ice Magic


You had 4 spell levels left.
You knew the following spells:

 Your Spells              Type           Power        Failure   Level  Hunger
a - Summon Small Mammal   Summ           ####         1%          1    None
d - Call Canine Familiar  Summ           #####...     1%          3    ###....
i - Summon Ice Beast      Ice/Summ       ####....     10%         4    ####...
s - Call Imp              Summ           #####...     1%          2    ##.....


Dungeon Overview and Level Annotations

Branches:
Dungeon (7/15)             Temple (1/1) D:5

Altars:
Ashenzari
Cheibriados
Dithmenos
Elyvilon
Fedhas
Kikubaaqudgha
Makhleb
Nemelex Xobeh
Okawaru
Qazlal
Ru
Sif Muna
Trog
Vehumet
Xom
Yredelemnul
Zin
The Shining One


Innate Abilities, Weirdness & Mutations

Your natural rate of healing is unusually fast.
You can bottle blood from corpses.
You have razor-sharp teeth.
You have supernaturally acute eyesight.
You can survive without breathing.


Message History

You are engulfed in a cloud of scalding steam.
You kill the steam dragon!
The steam dragon bites you!
* * * LOW HITPOINT WARNING * * *
The steam dragon misses you.
Casting: Call Canine Familiar
Confirm with . or Enter, or press ? or * to list all spells.
The steam dragon completely misses you. The steam dragon claws you.
* * * LOW HITPOINT WARNING * * *
You swap places.
Your hound bites the steam dragon.
The steam dragon breathes steam at you. The ball of steam hits your hound.
Your hound dies!
Your hound's corpse disappears in a puff of smoke!
Casting: Call Canine Familiar
Confirm with . or Enter, or press ? or * to list all spells.
A beastly little devil appears in a puff of frigid air.
The steam dragon breathes steam at you. The ball of steam hits you!
You die...

# ##.............#####
#
#.........######.P≈###
###.........# ##P...≈P#
.##.........#
#≈.....P##
............#
#.≈....≈P#
...#....#.###
#......≈≈# ...#....#.#
##.≈^.≈P## ...#....#.#
#####D≈.≈P# ......#.#.#
#5.@§#P..## ##.##.#.#.#
#.##.#≈..# ##..#.#.#.#
#.##.#...# ###.#.#.#)#
#.##.#P.≈# ......#.#.#
#.##.#^.$#
......#.#.####'##.#≈.≈#
...#..#.#.#.......#..##
..................#≈
####...).....)...##


You could see a steam dragon and a friendly white imp.

Vanquished Creatures
  A steam dragon (D:7)
  A phantom (D:4)
  2 centaurs (D:6)
  5 giant frogs
  2 scorpions
  4 goliath beetles
  2 crimson imps
  4 hounds
  An iguana (D:6)
  An orc priest (D:7)
  3 worker ants (D:5)
  5 orc wizards
  A hound skeleton (D:7)
  2 gnolls (D:4)
  10 adders
  2 giant mites
  A worm (D:3)
  An adder skeleton (D:5)
  An orc zombie (D:7)
  8 giant geckos
  An ooze (D:2)
  15 orcs
  4 ball pythons
  13 bats
  A bat skeleton (D:6)
  A bat zombie (D:7)
  12 giant cockroaches
  7 goblins
  8 hobgoblins
  5 jackals
  20 kobolds
  7 quokkas
  6 giant newts
  2 kobold skeletons (D:4)
  A quokka skeleton (D:4)
  21 rats
  2 rat skeletons
183 creatures vanquished.

Vanquished Creatures (collateral kills)
  A hill giant (D:6)
  A hill giant zombie (D:7)
  A hippogriff (D:7)
  A phantom (D:7)
  A jelly (D:5)
  An ogre skeleton (D:4)
  2 gnolls (D:4)
  A worm (D:2)
  A giant gecko (D:1)
  3 orcs
  2 hobgoblins
  A bat (D:4)
  2 kobolds (D:1)
  A quokka (D:5)
  A rat (D:1)
20 creatures vanquished.

Vanquished Creatures (others)
  4 hounds
  An orc wizard (D:3)
5 creatures vanquished.

Grand Total: 208 creatures vanquished

Notes
Turn   | Place    | Note
--------------------------------------------------------------
     0 | D:1      | PolkaDot, the Vampire Summoner, began the quest for the Orb.
     0 | D:1      | Reached XP level 1. HP: 13/13 MP: 3/3
   236 | D:1      | Reached XP level 2. HP: 13/19 MP: 4/4
   953 | D:1      | Reached XP level 3. HP: 24/24 MP: 6/6
   966 | D:1      | Learned a level 3 spell: Call Canine Familiar
   969 | D:1      | Learned a level 2 spell: Call Imp
  1635 | D:2      | Reached XP level 4. HP: 30/30 MP: 8/8
  2084 | D:3      | Reached skill level 5 in Stealth
  2090 | D:3      | Reached XP level 5. HP: 32/35 MP: 11/11
  2744 | D:3      | Learned a level 4 spell: Summon Ice Beast
  2788 | D:4      | Reached skill level 1 in Ice Magic
  2872 | D:4      | Reached XP level 6. HP: 32/41 MP: 13/13
  2930 | D:4      | Found a stormy altar of Qazlal.
  2958 | D:4      | Reached skill level 5 in Summonings
  3109 | D:4      | Found a sacrificial altar of Ru.
  3213 | D:4      | Noticed a phantom
  3288 | D:4      | Killed a phantom
  3699 | D:5      | Entered Level 5 of the Dungeon
  3715 | D:5      | Reached XP level 7. HP: 32/46 MP: 15/15
  3844 | D:5      | Found a staircase to the Ecumenical Temple.
  3869 | Temple   | Entered the Ecumenical Temple
  4037 | Temple   | Became a worshipper of Ashenzari the Shackled
  4448 | D:5      | Reached skill level 1 in Fighting
  4448 | D:5      | Reached skill level 6 in Summonings
  5739 | D:6      | Reached skill level 7 in Summonings
  5739 | D:6      | Reached XP level 8. HP: 44/57 MP: 16/16
  5886 | D:6      | Noticed a hill giant
  5973 | D:6      | Killed a hill giant
  5973 | D:6      | Reached skill level 8 in Summonings
  6182 | D:6      | Found a shimmering altar of Xom.
  6257 | D:7      | Identified a +0 rod of striking (9/9)
  6404 | D:7      | Reached skill level 9 in Summonings
  6692 | D:7      | Reached XP level 9. HP: 64/66 MP: 18/18
  7052 | D:7      | Found a deep blue altar of Sif Muna.
  7327 | D:7      | Killed from afar by a steam dragon

Action                   |  1- 3 |  4- 6 |  7- 9 || total
-------------------------+-------+-------+-------++-------
Melee: Club              |    77 |       |       ||    77
       Unarmed           |     5 |       |       ||     5
       Short sword       |    99 |   205 |   254 ||   558
 Cast: Summon Small Mamm |    11 |       |       ||    11
       Call Canine Famil |     2 |     5 |     7 ||    14
       Call Imp          |       |     3 |     1 ||     4
       Summon Ice Beast  |       |       |     5 ||     5
 Abil: Bottle Blood      |       |    13 |    14 ||    27
  Use: Potion            |     4 |     7 |    17 ||    28
       Scroll            |       |     7 |     8 ||    15
 Stab: Sleeping          |    11 |     6 |    10 ||    27
       Distracted        |       |     2 |     3 ||     5
  Eat: Corpse            |     8 |    17 |     4 ||    29
